MLB
LOS ANGELES DODGERS @ MILWAUKEE BREWERS
06/23/2045
 
TOP OF THE 1ST
Los Angeles Dodgers batting - Pitching for Milwaukee Brewers : LHP Zach Purvis
Pitching: LHP Zach Purvis
Batting: RHB Clay Buchanan 0-0: Called Strike
0-1: Ball
1-1: Called Strike
1-2: Foul Ball, location: 2F
1-2: Ball
2-2: TRIPLE (Flyball, 89XD, EV 97.5 MPH)
Batting: RHB Nate Taylor 0-0: Ball
1-0: Ball
2-0: Ball
3-0: Called Strike
3-1: Swinging Strike
3-2: Base on Balls
Batting: LHB Lirak Bazhunaishvili 0-0: Called Strike
0-1: Ball
1-1: Ball
2-1: Fly out, F9 (Line Drive, 9D, EV 97.5 MPH)
Runner from 3rd tags up, SCORES, throw by RF
Batting: SHB Joel Baker 0-0: Ball
1-0: Called Strike
Nate Taylor steals 2nd base (no throw)
1-1: Called Strike
1-2: Foul Ball, location: 2F
1-2: Strikes out looking
Batting: RHB Danny Dyer 0-0: Ball
1-0: Ball
2-0: Ball
3-0: Called Strike
3-1: Ground out 6-3 (Groundball, 6, EV 86.2 MPH)
Top of the 1st over - 1 run, 1 hit, 0 errors, 1 left on base; Los Angeles 1 - Milwaukee 0
BOTTOM OF THE 1ST
Milwaukee Brewers batting - Pitching for Los Angeles Dodgers : LHP Josh Ramirez
Pitching: LHP Josh Ramirez
Batting: SHB Jamel Wright 0-0: Swinging Strike
0-1: Ball
1-1: Ball
2-1: SINGLE (Flyball, 3D, EV 88.1 MPH)
Batting: RHB Adrian Rudkilde 0-0: Ball
1-0: Ball
2-0: Ball
3-0: Called Strike
3-1: Fly out, F8 (Flyball, 8RM, EV 93.8 MPH)
Batting: SHB Lewis Thorpe Jr. 0-0: Foul Ball, location: 2F
0-1: Called Strike
0-2: Ball
1-2: Foul Ball, location: 2F
1-2: Ball
2-2: Foul Ball, location: 2F
2-2: Fly out, F8 (Flyball, 8LS, EV 88.8 MPH)
Batting: RHB Akitada Nishizawa 0-0: Ball
1-0: Ball
2-0: Fielders Choice at 2nd, 6-4 (Groundball, 6, EV 101.9 MPH)
Bottom of the 1st over - 0 runs, 1 hit, 0 errors, 1 left on base; Los Angeles 1 - Milwaukee 0
TOP OF THE 2ND
Los Angeles Dodgers batting - Pitching for Milwaukee Brewers : LHP Zach Purvis
Batting: LHB Chris Ringwood 0-0: Ball
1-0: Swinging Strike
1-1: Foul Ball, location: 2F
1-2: Foul Ball, location: 2F
1-2: Foul Ball, location: 2F
1-2: Ball
2-2: Ball
3-2: Ground out 5-3 (Groundball, 56S, EV 78.8 MPH)
Batting: RHB Tsutomu Irie 0-0: Called Strike
0-1: Ground out 6-3 (Groundball, 6, EV 83.1 MPH)
Batting: RHB Wing-kit Bu 0-0: Called Strike
0-1: DOUBLE (Line Drive, 89D, EV 107.5 MPH)
Batting: RHB Ben Mischnick 0-0: Ball
1-0: Swinging Strike
1-1: Ball
2-1: Ball
3-1: Called Strike
3-2: Strikes out swinging
Top of the 2nd over - 0 runs, 1 hit, 0 errors, 1 left on base; Los Angeles 1 - Milwaukee 0
BOTTOM OF THE 2ND
Milwaukee Brewers batting - Pitching for Los Angeles Dodgers : LHP Josh Ramirez
Batting: RHB Kisho Ito 0-0: SINGLE (Groundball, 6MS, EV 66.2 MPH) (infield hit)
Batting: RHB Daniel Donovan 0-0: Ball
Kisho Ito steals 2nd base
1-0: Ball
2-0: Ball
3-0: Base on Balls
Batting: RHB Noah Stanley 0-0: Fly out, F8 (Flyball, 8RD, EV 106.2 MPH)
Batting: SHB Jean-François Bernard 0-0: Ball
Kisho Ito steals 3rd base (no throw)
Daniel Donovan to second
1-0: SINGLE (Line Drive, 9S, EV 98.8 MPH)
Kisho Ito scores
Daniel Donovan to third
Batting: RHB Ben Campbell 0-0: Called Strike
0-1: Ball
1-1: Foul Ball, location: 2F
1-2: Foul Ball, location: 2F
1-2: Ball
2-2: Ball
3-2: Foul Ball, location: 2F
3-2: Ground out 1-3 (Groundball, 15, EV 69.4 MPH)
Jean-François Bernard to second
Batting: SHB Jamel Wright 0-0: Ball
1-0: Ball
2-0: Ground out 5-3 (Groundball, 5, EV 108.1 MPH)
Bottom of the 2nd over - 1 run, 2 hits, 0 errors, 2 left on base; Los Angeles 1 - Milwaukee 1
TOP OF THE 3RD
Los Angeles Dodgers batting - Pitching for Milwaukee Brewers : LHP Zach Purvis
Batting: RHB Clay Buchanan 0-0: Ball
1-0: Foul Ball, location: 2F
1-1: Called Strike
1-2: Ball
2-2: Strikes out swinging
Batting: RHB Nate Taylor 0-0: Ground out 6-3 (Groundball, 6MD, EV 83.8 MPH)
Batting: LHB Lirak Bazhunaishvili 0-0: Ground out 6-3 (Groundball, 6, EV 103.8 MPH)
Top of the 3rd over - 0 runs, 0 hits, 0 errors, 0 left on base; Los Angeles 1 - Milwaukee 1
BOTTOM OF THE 3RD
Milwaukee Brewers batting - Pitching for Los Angeles Dodgers : LHP Josh Ramirez
Batting: RHB Adrian Rudkilde 0-0: Swinging Strike
0-1: Ball
1-1: Foul Ball, location: 2F
1-2: Foul Ball, location: 2F
1-2: Hit by Pitch
Batting: SHB Lewis Thorpe Jr. 0-0: Called Strike
0-1: Ball
1-1: Foul Ball, location: 2F
1-2: Foul Ball, location: 2F
1-2: SINGLE (Groundball, 6M, EV 103.1 MPH) (infield hit)
Adrian Rudkilde to second
Batting: RHB Akitada Nishizawa 0-0: Ball
1-0: Swinging Strike
1-1: Ball
2-1: Ball
3-1: Grounds into double play, 5-4-3 (Groundball, 56, EV 105.6 MPH)
Adrian Rudkilde to third
Batting: RHB Kisho Ito 0-0: Ball
1-0: Ball
2-0: Ball
3-0: Base on Balls
Batting: RHB Daniel Donovan 0-0: Called Strike
0-1: SINGLE (Line Drive, 4D, EV 103.8 MPH)
Adrian Rudkilde scores
Kisho Ito to second
Batting: RHB Noah Stanley 0-0: Ball
Kisho Ito steals 3rd base
1-0: Foul Ball, location: 2F
1-1: Fly out, F7 (Flyball, 78M, EV 85.0 MPH)
Bottom of the 3rd over - 1 run, 2 hits, 0 errors, 2 left on base; Los Angeles 1 - Milwaukee 2
TOP OF THE 4TH
Los Angeles Dodgers batting - Pitching for Milwaukee Brewers : LHP Zach Purvis
Batting: SHB Joel Baker 0-0: Called Strike
0-1: Swinging Strike
0-2: Foul Ball, location: 2F
0-2: Strikes out looking
Batting: RHB Danny Dyer 0-0: Ball
1-0: Ball
2-0: Fly out, F4 (Popup, 4MD, EV 50.6 MPH)
Batting: LHB Chris Ringwood 0-0: Swinging Strike
0-1: Swinging Strike
0-2: Foul Ball, location: 2F
0-2: Foul Ball, location: 2F
0-2: Ball
1-2: Strikes out looking
Top of the 4th over - 0 runs, 0 hits, 0 errors, 0 left on base; Los Angeles 1 - Milwaukee 2
BOTTOM OF THE 4TH
Milwaukee Brewers batting - Pitching for Los Angeles Dodgers : LHP Josh Ramirez
Batting: SHB Jean-François Bernard 0-0: Called Strike
0-1: Ball
1-1: SINGLE (Groundball, 5S, EV 69.4 MPH) (infield hit)
Batting: RHB Ben Campbell 0-0: Ball
1-0: Ball
2-0: Fielders Choice at 2nd, 3-6 (Groundball, 34, EV 77.5 MPH)
Batting: SHB Jamel Wright 0-0: Ball
1-0: Called Strike
1-1: Ball
2-1: Foul Ball, location: 2F
2-2: Reached on error, E1 (Groundball, P, EV 63.1 MPH)
Ben Campbell to second
Batting: RHB Adrian Rudkilde 0-0: Swinging Strike
0-1: Swinging Strike
0-2: Fly out, F7 (Flyball, 78D, EV 96.9 MPH)
Batting: SHB Lewis Thorpe Jr. 0-0: Swinging Strike
0-1: Called Strike
0-2: Foul Ball, location: 2F
0-2: Foul Ball, location: 2F
0-2: Ball
1-2: SINGLE (Groundball, 6M, EV 99.4 MPH) (infield hit)
Ben Campbell to third
Jamel Wright to second
Batting: RHB Akitada Nishizawa 0-0: TRIPLE (Flyball, 9LD, EV 88.1 MPH)
Ben Campbell scores
Jamel Wright scores
Lewis Thorpe Jr. scores
Pitching: RHP Justin Scheithauer
Batting: RHB Kisho Ito 0-0: Called Strike
0-1: Called Strike
0-2: Foul Ball, location: 2F
0-2: Ground out 5-3 (Groundball, 5, EV 90.0 MPH)
Bottom of the 4th over - 3 runs, 3 hits, 1 error, 1 left on base; Los Angeles 1 - Milwaukee 5
TOP OF THE 5TH
Los Angeles Dodgers batting - Pitching for Milwaukee Brewers : LHP Zach Purvis
Batting: RHB Tsutomu Irie 0-0: Ball
1-0: Foul Ball, location: 2F
1-1: Swinging Strike
1-2: Foul Ball, location: 2F
1-2: Ball
2-2: Ball
3-2: Strikes out swinging
Batting: RHB Wing-kit Bu 0-0: Ball
1-0: Ground out U3 (Groundball, 34S, EV 80.6 MPH)
Batting: RHB Ben Mischnick 0-0: Called Strike
0-1: Ball
1-1: Called Strike
1-2: Fly out, F3 (Popup, 34S, EV 76.2 MPH)
Top of the 5th over - 0 runs, 0 hits, 0 errors, 0 left on base; Los Angeles 1 - Milwaukee 5
BOTTOM OF THE 5TH
Milwaukee Brewers batting - Pitching for Los Angeles Dodgers : RHP Justin Scheithauer
Batting: RHB Daniel Donovan 0-0: Swinging Strike
0-1: Ball
1-1: Ball
2-1: Foul Ball, location: 2F
2-2: Ball
3-2: Base on Balls
Batting: RHB Noah Stanley 0-0: Called Strike
0-1: Foul Ball, location: 2F
0-2: Fielders Choice at 2nd, 5-4 (Groundball, 56S, EV 91.9 MPH)
Batting: SHB Jean-François Bernard 0-0: Ball
1-0: Ball
2-0: Called Strike
2-1: Foul Ball, location: 2F
2-2: SINGLE (Groundball, 34S, EV 64.4 MPH) (infield hit)
Noah Stanley to second
Batting: RHB Ben Campbell 0-0: Ball
1-0: Swinging Strike
1-1: Called Strike
1-2: Ball
2-2: Foul Ball, location: 2F
2-2: Ball
3-2: Foul Ball, location: 2F
3-2: Ground out 4-3 (Groundball, 4MS, EV 73.8 MPH)
Noah Stanley to third
Jean-François Bernard to second
Batting: SHB Jamel Wright 0-0: Called Strike
0-1: Fly out, F4 (Popup, 4MD, EV 71.2 MPH)
Bottom of the 5th over - 0 runs, 1 hit, 0 errors, 2 left on base; Los Angeles 1 - Milwaukee 5
TOP OF THE 6TH
Los Angeles Dodgers batting - Pitching for Milwaukee Brewers : LHP Zach Purvis
Batting: RHB Clay Buchanan 0-0: Called Strike
0-1: Foul Ball, location: 2F
0-2: Ground out 5-3 (Groundball, 5L, EV 103.1 MPH)
Batting: RHB Nate Taylor 0-0: Ball
1-0: Ground out U3 (Groundball, 3, EV 89.4 MPH)
Batting: LHB Lirak Bazhunaishvili 0-0: Ball
1-0: Ball
2-0: Called Strike
2-1: DOUBLE (Line Drive, 7LM, EV 106.9 MPH)
Batting: SHB Joel Baker 0-0: Ball
1-0: Ball
2-0: Ball
3-0: Called Strike
3-1: Base on Balls
Batting: RHB Danny Dyer 0-0: Ball
1-0: Foul Ball, location: 2F
1-1: Foul Ball, location: 2F
1-2: Fly out, F8 (Line Drive, 89M, EV 94.4 MPH)
Top of the 6th over - 0 runs, 1 hit, 0 errors, 2 left on base; Los Angeles 1 - Milwaukee 5
BOTTOM OF THE 6TH
Milwaukee Brewers batting - Pitching for Los Angeles Dodgers : RHP Justin Scheithauer
Batting: RHB Adrian Rudkilde 0-0: Swinging Strike
0-1: Ball
1-1: Ball
2-1: Foul Ball, location: 2F
2-2: Strikes out swinging
Batting: SHB Lewis Thorpe Jr. 0-0: Ball
1-0: Foul Ball, location: 2F
1-1: Ball
2-1: Ground out U3 (Groundball, 34, EV 88.1 MPH)
Batting: RHB Akitada Nishizawa 0-0: Ball
1-0: Swinging Strike
1-1: DOUBLE (Flyball, 89D, EV 103.1 MPH)
Pitching: LHP Gabe Reyes
Pinch Runner at 2nd Emilio Gallegos:
Batting: RHB Kisho Ito 0-0: Foul Ball, location: 2F
0-1: Foul Ball, location: 2F
0-2: Ball
1-2: Ball
2-2: DOUBLE (Line Drive, 5D, EV 94.4 MPH)
Emilio Gallegos scores
Batting: RHB Daniel Donovan 0-0: Called Strike
0-1: SINGLE (Flyball, 9S, EV 90.6 MPH)
Kisho Ito to third
Runner from 3rd tries for Home, SAFE, throw by RF to home
Daniel Donovan to second
Batting: RHB Noah Stanley 0-0: Called Strike
0-1: Ball
1-1: Swinging Strike
1-2: Ground out 3-1 (Groundball, 34, EV 88.8 MPH)
Bottom of the 6th over - 2 runs, 3 hits, 0 errors, 1 left on base; Los Angeles 1 - Milwaukee 7
TOP OF THE 7TH
Los Angeles Dodgers batting - Pitching for Milwaukee Brewers : LHP Zach Purvis
Now in RF: Emilio Gallegos
Batting: LHB Chris Ringwood 0-0: Called Strike
0-1: Ball
1-1: SINGLE (Flyball, 56D, EV 96.9 MPH)
Batting: RHB Tsutomu Irie 0-0: Ball
1-0: Foul Ball, location: 2F
1-1: Called Strike
1-2: Foul Ball, location: 2F
1-2: Ball
2-2: Foul Ball, location: 2F
2-2: Foul Ball, location: 2F
2-2: Strikes out swinging
Pitching: RHP Malibok Fflunker
Batting: RHB Wing-kit Bu 0-0: Called Strike
0-1: Ball
1-1: Ball
2-1: Foul Ball, location: 2F
2-2: Fielders Choice at 2nd, 4-6 (Groundball, 4, EV 77.5 MPH)
Batting: RHB Ben Mischnick 0-0: 2-RUN HOME RUN (Flyball, 7D, EV 98.1 MPH), Distance : 380 ft
Batting: RHB Clay Buchanan 0-0: Ball
1-0: Foul Ball, location: 2F
1-1: Ball
2-1: Swinging Strike
2-2: Strikes out swinging
Top of the 7th over - 2 runs, 2 hits, 0 errors, 0 left on base; Los Angeles 3 - Milwaukee 7
BOTTOM OF THE 7TH
Milwaukee Brewers batting - Pitching for Los Angeles Dodgers : LHP Gabe Reyes
Pitching: RHP Michael Walsh
Batting: SHB Jean-François Bernard 0-0: Called Strike
0-1: Swinging Strike
0-2: Ball
1-2: Foul Ball, location: 2F
1-2: Strikes out swinging
Batting: RHB Ben Campbell 0-0: Ground out 1-3 (Groundball, 13, EV 63.1 MPH)
Batting: SHB Jamel Wright 0-0: Fly out, F7 (Flyball, 7S, EV 86.9 MPH)
Bottom of the 7th over - 0 runs, 0 hits, 0 errors, 0 left on base; Los Angeles 3 - Milwaukee 7
TOP OF THE 8TH
Los Angeles Dodgers batting - Pitching for Milwaukee Brewers : RHP Malibok Fflunker
Batting: RHB Nate Taylor 0-0: Foul Ball, location: 2F
0-1: Ball
1-1: Ball
2-1: Ball
3-1: Called Strike
3-2: Foul Ball, location: 2F
3-2: Ground out 6-3 (Groundball, 6, EV 91.9 MPH)
Batting: LHB Lirak Bazhunaishvili 0-0: Ball
1-0: SINGLE (Groundball, 6MD, EV 107.5 MPH)
Batting: SHB Joel Baker 0-0: Swinging Strike
0-1: Ball
1-1: Ball
2-1: Ball
3-1: Base on Balls
Lirak Bazhunaishvili to second
Batting: RHB Danny Dyer 0-0: Called Strike
0-1: Ball
1-1: Swinging Strike
1-2: Ball
2-2: Grounds into double play, 3-6-3 (Groundball, 34, EV 93.8 MPH)
Top of the 8th over - 0 runs, 1 hit, 0 errors, 1 left on base; Los Angeles 3 - Milwaukee 7
BOTTOM OF THE 8TH
Milwaukee Brewers batting - Pitching for Los Angeles Dodgers : RHP Michael Walsh
Batting: RHB Adrian Rudkilde 0-0: Called Strike
0-1: Swinging Strike
0-2: Strikes out swinging
Batting: SHB Lewis Thorpe Jr. 0-0: Ball
1-0: Hit by Pitch
Batting: RHB Emilio Gallegos 0-0: Grounds into double play, 5-4-3 (Groundball, 56S, EV 83.1 MPH)
Bottom of the 8th over - 0 runs, 0 hits, 0 errors, 0 left on base; Los Angeles 3 - Milwaukee 7
TOP OF THE 9TH
Los Angeles Dodgers batting - Pitching for Milwaukee Brewers : RHP Malibok Fflunker
Pitching: RHP Oleg Bahanov
Batting: LHB Chris Ringwood 0-0: Foul Ball, location: 2F
0-1: Fly out, F8 (Flyball, 89M, EV 95.0 MPH)
Batting: RHB Tsutomu Irie 0-0: Foul Ball, location: 2F
0-1: Foul Ball, location: 2F
0-2: Strikes out looking
Batting: RHB Wing-kit Bu 0-0: Called Strike
0-1: Swinging Strike
0-2: Ball
1-2: Ball
2-2: Ball
3-2: Strikes out looking
Top of the 9th over - 0 runs, 0 hits, 0 errors, 0 left on base; Los Angeles 3 - Milwaukee 7
Wednesday, June 22nd , 2022 - OOTP Baseball 23.4 Build 64